 Dungeon Crawl Stone Soup version 0.21.1-1-g345015f (webtiles) character file.

22 Amnesiac the Grave Robber (level 2, -1/19 HPs)
             Began as a Mummy Necromancer on Feb 6, 2018.
             Slain by a worm (4 damage)
             ... on level 3 of the Dungeon on Mar 12, 2018.
             The game lasted 00:02:19 (444 turns).

Amnesiac the Grave Robber (Mummy Necromancer)        Turns: 444, Time: 00:02:20

Health: -1/19      AC:  3    Str: 11    XL:     2   Next: 68%
Magic:  1/7        EV: 12    Int: 14    God:
Gold:   51         SH:  0    Dex: 12    Spells: 8/9 levels left

rFire    x . .     SeeInvis .   (no weapon)
rCold    + + .     Gourm    .   (no shield)
rNeg     + + +     Faith    .   a - +0 robe
rPois    ∞         Spirit   .   (no helmet)
rElec    .         Reflect  .   (no cloak)
rCorr    .         Harm     .   (no gloves)
MR       .....                  g - +0 pair of boots
Stlth    ++........             (no amulet)
HPRegen  0.06/turn              f - ring of protection from cold
MPRegen  0.10/turn              e - ring of wizardry

@: no status effects
A: no food or potions, fire vulnerability, cold resistance 1, negative energy
resistance 3, torment resistance, unbreathing
a: no special abilities


You were on level 3 of the Dungeon.
You were not hungry.

You visited 1 branch of the dungeon, and saw 3 of its levels.

You collected 51 gold pieces.

Inventory:

Armour
 a - a +0 robe (worn)
 g - a +0 pair of boots (worn)
Jewellery
 e - a ring of wizardry (right hand)
 f - a ring of protection from cold (left hand)
Wands
 i - a wand of polymorph (19)
Scrolls
 c - a scroll of identify {!r, unknown}
 d - a scroll of magic mapping {!r, unknown}
 h - 2 scrolls of remove curse {!r, unknown}
 j - a scroll of teleportation {!r, unknown}
Books
 b - a book of Necromancy

   Spells                             Type                      Level
   a - Pain                           Necromancy                   1
   b - Animate Skeleton               Necromancy                   1
   c - Vampiric Draining              Necromancy                   3
   d - Regeneration                   Charms/Necromancy            3
   e - Animate Dead                   Necromancy                   4
   f - Borgnjor's Vile Clutch         Necromancy/Earth             5


   Skills:
 - Level 1.6 Dodging
 - Level 1.6 Stealth
 + Level 4.0 Spellcasting
 * Level 4.0 Necromancy


You had 8 spell levels left.
You knew the following spells:

 Your Spells              Type           Power        Failure   Level  Hunger
a - Pain                  Necr           ##..         1%          1    N/A

Dungeon Overview and Level Annotations

Branches:
Dungeon (3/15)

Altars:


Innate Abilities, Weirdness & Mutations

You do not eat or drink.
Your flesh is vulnerable to fire.
You are immune to poison.
Your flesh is cold resistant. (rC+)
You are immune to negative energy. (rN+++)
You are immune to unholy pain and torment.
You can survive without breathing.


Message History

Aiming: Pain
Press: ? - help, Shift-Dir - straight line, f/p - worm
Aim: a worm (moderately wounded, chance to defeat MR: 79%)
The worm barely resists.
Casting: Pain
Confirm with . or Enter, or press ? or * to list all spells.
Aiming: Pain
Press: ? - help, Shift-Dir - straight line, f/p - worm
Aim: a worm (moderately wounded, chance to defeat MR: 79%)
The worm writhes in agony!
The worm barely misses you.
Casting: Pain
Confirm with . or Enter, or press ? or * to list all spells.
Aiming: Pain
Press: ? - help, Shift-Dir - straight line, f/p - worm
Aim: a worm (heavily wounded, chance to defeat MR: 79%)
The worm barely resists.
Casting: Pain
Confirm with . or Enter, or press ? or * to list all spells.
You don't have enough magic to cast that spell.
Casting: Pain
Confirm with . or Enter, or press ? or * to list all spells.
You don't have enough magic to cast that spell.
Casting: Pain
Confirm with . or Enter, or press ? or * to list all spells.
You don't have enough magic to cast that spell.
Okay, then.
You hit the worm but do no damage.
The worm is heavily wounded.
The worm bites you.
You hit the worm but do no damage.
The worm is heavily wounded.
You hit the worm.
The worm is heavily wounded.
The worm bites you.
You hit the worm.
The worm is heavily wounded.
The worm misses you.
You hit the worm but do no damage.
The worm is heavily wounded.
You hit the worm.
The worm is heavily wounded.
The worm barely misses you.
Casting: Pain
Confirm with . or Enter, or press ? or * to list all spells.
Aiming: Pain
Press: ? - help, Shift-Dir - straight line, f/p - worm
Aim: a worm (heavily wounded, chance to defeat MR: 79%)
The worm writhes in agony!
You hit the worm.
The worm is severely wounded.
The worm bites you.
You hit the worm but do no damage.
The worm is severely wounded.
The worm closely misses you.
You hit the worm but do no damage.
The worm is severely wounded.
A bullfrog comes into view.
You barely miss the worm.
The worm is severely wounded.
The bullfrog croaks.
The worm bites you!
* * * LOW HITPOINT WARNING * * *
The worm bites you.
You die...

. .. .#. #.
...#. #.#.#####
.##.......####
......F......
..........#####
......w.......#
.#####.@.....!+
#.##.....# #)
#.....# #.
#.##### #.
#.##### ..# #.
#.....#######
.# #># #.
##..........#
#.##.#####.
#..........#
#.##.#...
#..........#


You could see a bullfrog and a worm.

Vanquished Creatures
  An adder (D:2)
  A worm (D:3)
  2 leopard geckos
  A bat (D:2)
  2 kobolds (D:1)
  A ball python (D:2)
  A goblin (D:2)
  A rat (D:2)
10 creatures vanquished.

Notes
Turn   | Place    | Note
-------+----------+-------------------------------------------
     0 | D:1      | Amnesiac the Mummy Necromancer began the quest for the Orb.
     0 | D:1      | Reached XP level 1. HP: 13/13 MP: 4/4
    86 | D:2      | Reached XP level 2. HP: 19/19 MP: 0/6
   442 | D:3      | Noticed a bullfrog
   444 | D:3      | Slain by a worm

Skill      XL: |  1  2 |
---------------+-------+-----
Spellcasting   | 3 4 |  4.0
Dodging        | |  1.6
Stealth        | |  1.6
Necromancy     | |  4.0

Action                   || total
-------------------------++-------
Melee: Unarmed           ||    20
 Cast: Pain              ||    38
Dodge: Dodged            ||    12
